 Dungeon Crawl Stone Soup version 0.30-a0-1-g69b7b797bf (webtiles) character file.

Game seed: 4252585991554937827

1428 Ijustatesigmund the Chopper (level 8, -18/68 HPs)
             Began as a Hill Orc Fire Elementalist on Aug 19, 2022.
             Was a Follower of Cheibriados.
             Demolished by an orc warrior
             ... wielding a +0 halberd
              (23 damage)
             ... on level 7 of the Dungeon.
             The game lasted 00:20:06 (9159 turns).

Ijustatesigmund the Chopper (HOFE)                  Turns: 9159, Time: 00:20:07

Health: -18/68     AC:  9    Str: 17    XL:     8   Next: 72%
Magic:  1/12       EV: 11    Int: 18    God:    Cheibriados [*.....]
Gold:   197        SH:  0    Dex: 12    Spells: 7/10 levels left

rFire   . . .      SeeInvis .    c - +0 hand axe
rCold   + . .      Faith    .    (no shield)
rNeg    . . .      Spirit   .    a - +2 leather armour {rC+}
rPois   .          Reflect  .    (no helmet)
rElec   .          Harm     .    d - +0 cloak
rCorr   .          Rampage  .    n - +0 pair of gloves
Will    .....                    q - +0 pair of boots
Stlth   +.........               (no amulet)
HPRegen 0.21/turn                (no ring)
MPRegen 0.13/turn                (no ring)

@: studying 2 skills, invisible, very slow
A: mutation resistance 1, strong 1, wild magic 1
a: Renounce Religion, Bend Time


You were on level 7 of the Dungeon.
You worshipped Cheibriados.
Cheibriados was aware of your devotion.
You visited 2 branches of the dungeon, and saw 8 of its levels.
You also visited: Sewer.

You collected 237 gold pieces.
You spent 40 gold pieces at shops.

Inventory:

Hand Weapons
 c - a +0 hand axe (weapon)
 w - the +4 short sword of Zeink {holy, rPois}
   (You found it on level 3 of the Dungeon)

   It has been blessed by the Shining One to cause great damage to the undead
   and demons.
   rPois:     It protects you from poison.
Missiles
 m - a throwing net
Armour
 a - a +2 leather armour of cold resistance (worn)
 d - a +0 cloak (worn)
 n - a +0 pair of gloves (worn)
 q - a +0 pair of boots (worn)
Jewellery
 t - a ring of ice
 v - a ring of flight
Scrolls
 f - 4 scrolls of teleportation
 p - a scroll of magic mapping
 s - 2 scrolls of immolation
 y - a scroll of identify
Potions
 b - 6 potions of magic
 e - a potion of lignification
 g - 4 potions of curing
 h - 2 potions of attraction
 i - 5 potions of might
 j - a potion of cancellation
 l - 2 potions of mutation
 o - 2 potions of ambrosia
 r - a potion of heal wounds
 u - 2 potions of flight
 x - a potion of resistance {unknown}
 z - a potion of berserk rage {unknown}


   Skills:
 - Level 5.0 Fighting
 - Level 6.5 Axes
 + Level 4.4 Armour
 - Level 1.5 Dodging
 - Level 1.5 Stealth
 - Level 1.5 Spellcasting
 - Level 2.8 Conjurations
 - Level 5.6 Fire Magic
 + Level 5.6 Invocations


You had 7 spell levels left.
You knew the following spells:

 Your Spells              Type           Power      Damage    Failure   Level
a - Foxfire               Conj/Fire      84%        2x1d8     7%          1
b - Scorch                Fire           56%        2d7       5%          2

Your spell library contained the following spells:

 Spells                   Type           Power      Damage    Failure   Level
 Conjure Flame            Conj/Fire      21%        6-21      17%         3
 Beastly Appendage        Tmut           2%         N/A       30%         1
 Slow                     Hex            4%         N/A       30%         1
 Inner Flame              Hex/Fire       15%        N/A       30%         3
 Wereblood                Tmut           1%         N/A       43%         2
 Flame Wave               Conj/Fire      21%        2d8       45%         4
 Confusing Touch          Hex            1%         N/A       65%         3
 Spider Form              Tmut/Pois      1%         N/A       65%         3
 Vampiric Draining        Necr           1%         2d6       65%         3
 Hailstorm                Conj/Ice       8%         3d4       83%         4
 Ice Form                 Ice/Tmut       1%         N/A       95%         4
 Simulacrum               Ice/Necr       0%         N/A       100%        6


Dungeon Overview and Level Annotations

Branches:
Dungeon (7/15)             Temple (1/1) D:5           Sewer (visited)

Altars:
Ashenzari
Cheibriados
Dithmenos
Elyvilon
Fedhas
Gozag
Hepliaklqana
Kikubaaqudgha
Makhleb
Nemelex Xobeh
Okawaru
Qazlal
Ru
Sif Muna
Trog
Uskayaw
Vehumet
Wu Jian
Xom
Yredelemnul
Zin
The Shining One

Shops:
D:1 (   D:5 *

Annotations:
D:3 1 runed translucent door, Smoky173's ghost, amateur OpCj


Innate Abilities, Weirdness & Mutations

You are somewhat resistant to further mutation.
Your muscles are strong. (Str +4, Int/Dex -1)
Your spells are a little harder to cast, but a little more powerful.


Message History

The foxfire hits the orc warrior but does no damage.
Casting: Foxfire (safe; 7% risk of failure)
Confirm with . or Enter, or press ? or * to list all spells.
Flames lash the orc.
The orc is heavily wounded.
The orc's fire resistance burns away.
The orc warrior hits you from afar with a +0 halberd.
* * * LOW HITPOINT WARNING * * *
The orc warrior completely misses you.
You feel much better.
The orc warrior hits you from afar with a +0 halberd!
Okay, then.
You fade into invisibility!
The orc is no longer more vulnerable to fire.
The orc warrior barely misses you. The orc warrior barely misses you.
Items here: )) ††.
You closely miss the orc warrior. The orc warrior barely misses you.
You strike the helpless orc warrior from behind!
You hit the orc warrior but do no damage.
The orc warrior barely misses you.
You feel better. The orc warrior closely misses you.
Casting: Scorch (safe; 6% risk of failure)
Confirm with . or Enter, or press ? or * to list all spells.
Flames lash the orc.
You kill the orc!
Cheibriados appreciates the change of pace.
You can now bend time to slow others.
Cheibriados raises the support of your attributes as your movement slows.
The orc warrior hits you with a +0 halberd!
* * * LOW HITPOINT WARNING * * *
The orc warrior hits you with a +0 halberd!
* * * LOW HITPOINT WARNING * * *
Casting: Scorch (safe; 5% risk of failure)
Confirm with . or Enter, or press ? or * to list all spells.
Flames lash the orc warrior.
The orc warrior is moderately wounded.
The orc warrior's fire resistance burns away.
The orc warrior hits you with a +0 halberd!!
You die...

### #.. #.#
###.#########.#
.............#
.....##@###..#
##..# #o#
#<####)#
#.#....#
#.....## ###.#.
#.#. #.#> #.#.


You could see an orc warrior (unable to see you, combustible).

Vanquished Creatures
  Grinder (D:6)
  Menkaure (D:4)
  A water moccasin (D:6)
  2 black bears
  3 phantoms
  A scorpion (D:4)
  A howler monkey (D:6)
  3 hounds
  4 jellies (Sewer)
  An orc wizard (D:6)
  An iguana (D:6)
  10 gnolls
  5 adders
  A river rat (D:5)
  A worm (Sewer)
  3 dart slugs
  11 orcs
  8 endoplasms
  8 giant cockroaches
  9 goblins
  6 hobgoblins
  8 jackals
  3 quokkas
  11 ball pythons
  5 bats
  4 frilled lizards
  8 kobolds
  6 rats
126 creatures vanquished.

Vanquished Creatures (others)
  226 foxfires
226 creatures vanquished.

Grand Total: 352 creatures vanquished

Notes
Turn   | Place    | Note
-------+----------+-------------------------------------------
     0 | D:1      | Ijustatesigmund the Hill Orc Fire Elementalist began the
                  | quest for the Orb.
     0 | D:1      | Reached XP level 1. HP: 14/14 MP: 3/3
   283 | D:1      | Reached XP level 2. HP: 5/22 MP: 0/4
   516 | D:1      | Learned a level 2 spell: Scorch
   693 | D:1      | Reached skill level 1 in Fighting
   990 | D:1      | Found Jualia's Weapon Shoppe.
  1069 | D:1      | Found a faded altar of an unknown god.
  1078 | D:1      | Reached XP level 3. HP: 25/28 MP: 1/5
  1865 | D:2      | Reached XP level 4. HP: 36/36 MP: 0/6
  2782 | D:1      | Bought a +0 hand axe for 30 gold pieces
  2828 | D:3      | Found a runed translucent door.
  2828 | D:3      | Noticed Smoky173's ghost (amateur OpCj)
  3278 | D:3      | Reached skill level 1 in Axes
  3278 | D:3      | Reached XP level 5. HP: 42/42 MP: 4/7
  3461 | D:3      | Identified the +4 short sword of Zeink {holy, rPois}
  3758 | D:3      | HP: 2/42 [gnoll/+0 halberd (7)]
  4060 | D:3      | Reached skill level 2 in Axes
  4617 | D:4      | Reached skill level 3 in Axes
  4617 | D:4      | Reached skill level 5 in Fire Magic
  4628 | D:4      | Noticed Menkaure
  4677 | D:4      | Reached XP level 6. HP: 46/50 MP: 8/8
  5595 | D:4      | Noticed a black bear
  5607 | D:4      | Killed a black bear
  5608 | D:4      | Reached skill level 4 in Axes
  5877 | D:4      | Killed Menkaure
  5878 | D:4      | Reached skill level 5 in Axes
  5878 | D:4      | Reached XP level 7. HP: 17/57 MP: 3/9
  6153 | D:5      | Entered Level 5 of the Dungeon
  6268 | D:5      | Found a glowing drain.
  6272 | Sewer    | Entered a sewer
  6574 | Sewer    | Found a viscous altar of Jiyva.
  6679 | D:5      | Gained mutation: You expend magic power (3 MP) to
                  | strengthen your wands. [potion of mutation]
  6680 | D:5      | Lost mutation: You expend magic power (3 MP) to strengthen
                  | your wands. [potion of mutation]
  6680 | D:5      | Gained mutation: You expend magic power (3 MP) to
                  | strengthen your wands. [potion of mutation]
  6680 | D:5      | Gained mutation: You are dopey. (Int -2) [potion of
                  | mutation]
  6680 | D:5      | Gained mutation: Your flesh is heat resistant. (rF+)
                  | [potion of mutation]
  6681 | D:5      | Lost mutation: You are dopey. (Int -2) [potion of mutation]
  6681 | D:5      | Lost mutation: Your flesh is heat resistant. (rF+) [potion
                  | of mutation]
  6681 | D:5      | Gained mutation: You possess an exceptional clarity of
                  | mind. [potion of mutation]
  6682 | D:5      | Lost mutation: You possess an exceptional clarity of mind.
                  | [potion of mutation]
  6682 | D:5      | Lost mutation: You expend magic power (3 MP) to strengthen
                  | your wands. [potion of mutation]
  6682 | D:5      | Gained mutation: Your spells are a little harder to cast,
                  | but a little more powerful. [potion of mutation]
  6682 | D:5      | Gained mutation: You are somewhat resistant to further
                  | mutation. [potion of mutation]
  6682 | D:5      | Gained mutation: Your muscles are strong. (Str +4, Int/Dex
                  | -1) [potion of mutation]
  6806 | D:5      | Reached skill level 6 in Axes
  6873 | D:5      | Found a staircase to the Ecumenical Temple.
  6878 | Temple   | Entered the Ecumenical Temple
  7022 | Temple   | Became a worshipper of Cheibriados the Contemplative
  7083 | D:5      | Reached skill level 5 in Fighting
  7083 | D:5      | Reached skill level 1 in Invocations
  7366 | D:5      | Found Gaibon's CLEARANCE SALE!.
  7375 | D:5      | Bought a scroll of identify for 10 gold pieces
  7806 | D:6      | Reached skill level 1 in Armour
  7806 | D:6      | Reached XP level 8. HP: 68/68 MP: 6/10
  8478 | D:6      | Found a broken altar of Ashenzari.
  8480 | D:6      | Found a burning altar of Makhleb.
  8485 | D:6      | Found a sparkling altar of Nemelex Xobeh.
  8514 | D:6      | Found a radiant altar of Vehumet.
  8515 | D:6      | Found a glowing silver altar of Zin.
  8519 | D:6      | Found an iron altar of Okawaru.
  8525 | D:6      | Found a shimmering blue altar of Sif Muna.
  8581 | D:6      | Noticed Grinder
  8586 | D:6      | Paralysed by Grinder for 2 turns
  8591 | D:6      | Killed Grinder
  8716 | D:6      | Reached skill level 5 in Invocations
  9157 | D:7      | Reached * piety under Cheibriados
  9159 | D:7      | Demolished by an orc warrior

Illustrated notes

Levels and vault maps discovered:
D:1:      shiori_arrival_maze, layout_basic, hellmonk_ecumenical_altar_lost_god,
          serial_shops, nicolae_shop_bloodbath_and_beyond
D:2:      layout_basic, minmay_indecisive_spiral
D:3:      layout_basic, ebering_ghost_inner_flame, nicolae_eternal_life,
          st_stairs_7
D:4:      layout_loops_ring, uniq_menkaure
D:5:      layout_cave_pools, temple_doors_e, gup_sewer_entry_bowl,
          nicolae_shop_clearance
D:6:      cheibrodos_quashed, layout_basic,
          nicolae_overflow_hallway_of_the_gods, serial_co_window_serial,
          co_window_paths_a, co_window_of_opportunity_a, co_window_paths_a,
          co_window_of_opportunity_a, co_window_corner_a, co_window_corner_b,
          co_window_cross_4, co_window_unsneaky_path_d, glass_columns_a,
          uniq_grinder
D:7:      layout_loops_ring
Temple:   nicolae_temple_superstar

Skill      XL: |  1  2  3  4  5  6  7  8 |
---------------+-------------------------+-----
Fighting       | 1 2 3 5 |  5.0
Conjurations   | 2 |  2.8
Fire Magic     | 4 5 |  5.6
Axes           | 1 3 5 6 |  6.5
Invocations    | 2 5 |  5.6
Armour         | 1 4 |  4.4
Dodging        | |  1.5
Stealth        | |  1.5
Spellcasting   | |  1.5

Action                   |  1- 3 |  4- 6 |  7- 9 || total
-------------------------+-------+-------+-------++-------
Melee: Whip              |    64 |       |       ||    64
       Hand axe          |       |    48 |    56 ||   104
       Flail             |       |     2 |       ||     2
 Cast: Foxfire           |    10 |    74 |    51 ||   135
       Scorch            |    18 |    22 |    24 ||    64
  Use: Scroll            |     4 |     1 |    11 ||    16
       Potion            |     1 |     2 |     8 ||    11
 Stab: Sleeping          |     1 |       |       ||     1
       Invisible         |       |       |     1 ||     1
Armor: Robe              |    29 |    24 |     5 ||    58
       Leather armour    |       |       |    35 ||    35
Dodge: Dodged            |    84 |    72 |    48 ||   204

Table legend: (Time is in decaauts)
 A = Elapsed time spent in this place.
 B = Non-inter-level travel time spent in this place.
 C = Inter-level travel time spent in this place.
 D = Time resting spent in this place.
 E = Time spent auto-exploring this place.
 F = Levels seen in this place.
 G = Mean time per level.
                   A        B        C        D        E       F      G
               +--------+--------+--------+--------+--------+-----+--------+
         Total |   9571 |   9049 |    522 |   2570 |   5243 |   9 | 1063.4 |
       Dungeon |   8972 |   8504 |    468 |   2492 |   4885 |   7 | 1281.7 |
        Temple |    168 |    115 |     53 |      0 |    100 |   1 |  168.0 |
         Sewer |    431 |    431 |      0 |     78 |    258 |   1 |  431.0 |
               +--------+--------+--------+--------+--------+-----+--------+

Top non-repeatable levels by time:
     D:1: 1764 daAuts
     D:3: 1744 daAuts
     D:6: 1716 daAuts
     D:4: 1521 daAuts
     D:2: 1289 daAuts
     D:5: 903 daAuts
   Sewer: 431 daAuts
  Temple: 168 daAuts
     D:7: 32 daAuts
